 Dungeon Crawl Stone Soup version 0.28.0-45-g0d030f2227 (webtiles) character file.

Game seed: 9051281525502938348

112 NinjaNoafa the Ruffian (level 4, 0/35 (36) HPs)
             Began as a Draconian Transmuter on Apr 5, 2022.
             Was a Believer of Vehumet.
             Slain by a wight
             ... wielding a +2 trident
              (9 damage)
             ... on level 4 of the Dungeon.
             The game lasted 00:06:26 (2843 turns).

NinjaNoafa the Ruffian (Draconian Transmuter)       Turns: 2843, Time: 00:06:27

HP:   0/35 (36)     AC:  5    Str: 15    XL:     4   Next: 63%
MP:   8/8           EV: 12    Int: 13    God:    Vehumet [**....]
Gold: 168           SH:  0    Dex: 11    Spells: 7/8 levels left

rFire   . . .      SeeInvis .     - Unarmed
rCold   + . .      Faith    .   (no shield)
rNeg    . . .      Spirit   .   (armour unavailable)
rPois   .          Reflect  +   (helmet currently unavailable)
rElec   .          Harm     .   (no cloak)
rCorr   .          Rampage  .   (no gloves)
Will    .....                   (boots currently unavailable)
Stlth   +.........              j - amulet of reflection
HPRegen 0.11/turn               a - ring of protection from cold
MPRegen 0.11/turn               (no ring)

@: confused, mighty, appendages (expiring), ambrosia-drunk, attractive, lightly
drained
A: horns 2, talons 2, AC +5, unfitting armour, cold-blooded
a: End Transformation, Renounce Religion


You were on level 4 of the Dungeon.
You worshipped Vehumet.
Vehumet was pleased with you.
You had temporarily grown beastly horns and talons.
You visited 1 branch of the dungeon, and saw 4 of its levels.

You collected 168 gold pieces.

Inventory:

Hand Weapons
 g - a +0 short sword of holy wrath
Missiles
 p - a throwing net
 q - 5 poisoned darts
Jewellery
 a - a ring of protection from cold (left hand)
 j - an amulet of reflection (around neck)
Scrolls
 c - a scroll of fog {unknown}
 d - a scroll of immolation {unknown}
 e - a scroll of summoning {unknown}
 h - a scroll of teleportation {unknown}
 i - a scroll of fear {unknown}
 m - a scroll of acquirement {unknown}
Potions
 f - a potion of flight
 l - a potion of resistance
 n - a potion of brilliance


   Skills:
 + Level 1.8 Fighting
 + Level 2.3 Dodging
 + Level 3.3 Unarmed Combat
 * Level 2.6 Spellcasting
 + Level 0.9 Conjurations
 * Level 3.0 Transmutations
 + Level 1.0 Fire Magic


You had 7 spell levels left.
You knew the following spells:

 Your Spells              Type           Power      Damage    Failure   Level
a - Beastly Appendage     Tmut           18%        N/A       7%          1

Your spell library contained the following spells:

 Spells                   Type           Power      Damage    Failure   Level
 Searing Ray              Conj           8%         2d4       24%         2
 Wereblood                Tmut           9%         N/A       11%         2
 Magic Dart               Conj           16%        1d3       16%         1
 Spider Form              Tmut/Pois      5%         N/A       36%         3
 Ice Form                 Ice/Tmut       5%         N/A       77%         4


Dungeon Overview and Level Annotations

Branches:
Dungeon (4/15)
 Temple: D:4-7

Altars:
Vehumet


Innate Abilities, Weirdness & Mutations

You have temporarily grown beastly horns and talons.
Your plain brown scales are hard. (AC +5)
You cannot fit into any form of body armour.
You are cold-blooded and may be slowed by cold attacks.


Message History

The wight moves out of view.
You hit the wight but do no damage. Your kick misses the wight.
Your tail-slap misses the wight.
The wight completely misses you. You block the wight's attack.
You barely miss the wight. Your kick misses the wight.
Your punch misses the wight. The wight closely misses you.
The wight hits you with a +3 spear.
Okay, then.
As you read the scroll labelled UMYIRPHIARE, it crumbles to dust.
It is a scroll of identify.
f - a potion of flight Your transformation is almost over.
The wight barely misses you. x2
As you read the scroll of identify, it crumbles to dust.
k - a potion of ambrosia The wight closely misses you. x2; The wight barely misses you.
As you read the scroll of identify, it crumbles to dust.
l - a potion of resistance The wight completely misses you.
You block the wight's attack. The wight closely misses you.
As you read the scroll of identify, it crumbles to dust.
n - a potion of brilliance You block the wight's attack.
The wight hits you with a +3 spear.
You feel drained.
The wight hits you from afar with a +2 trident!
Okay, then.
It was a potion of might.
You feel very mighty all of a sudden. The wight hits you with a +0 flail!
* * * LOW HITPOINT WARNING * * *
The wight closely misses you. x2
You are confused.
You feel invigorated. The wight completely misses you.
The wight hits you but does no damage. The wight closely misses you.
It was a potion of attraction.
You feel attractive to monsters. The wight hits you with a +0 flail.
* * * LOW HITPOINT WARNING * * *
The wight hits you from afar with a +2 trident!
You die...

............####.. ...
##.#.....#...# ....
.........#...# .....
...)..#..#...#####....#
......................
......................
...........##.##.####.
........##.##z.....
###.>.....†@zzz....
....##...z###.....
####...##..# ... #...
#..# . +. #..# # ##.#
###


You could see 5 wights.

Vanquished Creatures
  Jessica (D:2)
  A gnoll (D:2)
  2 adders (D:3)
  A worm (D:3)
  A dart slug (D:1)
  7 orcs (D:3)
  6 bats
  4 endoplasms
  2 giant cockroaches
  A hobgoblin (D:3)
  2 jackals (D:2)
  3 quokkas
  4 ball pythons
  5 goblins
  4 kobolds
  3 rats
47 creatures vanquished.

Vanquished Creatures (others)
  A kobold (D:3)
  2 fungi (D:1)
3 creatures vanquished.

Grand Total: 50 creatures vanquished

Notes
Turn   | Place    | Note
-------+----------+-------------------------------------------
     0 | D:1      | NinjaNoafa the Draconian Transmuter began the quest for the
                  | Orb.
     0 | D:1      | Reached XP level 1. HP: 16/16 MP: 3/3
   432 | D:1      | Reached XP level 2. HP: 20/23 MP: 5/5
   456 | D:1      | Found a faded altar of an unknown god.
   469 | D:1      | Got Plato's Handbook of Battle Magic
   470 | D:1      | Prayed at the altar of an unknown god.
   470 | D:1      | Became a worshipper of Vehumet
   470 | D:1      | Reached * piety under Vehumet
   470 | D:1      | Offered knowledge of Foxfire by Vehumet.
  1252 | D:2      | Noticed Jessica
  1261 | D:2      | Killed Jessica
  1262 | D:2      | Reached XP level 3. HP: 21/29 MP: 6/6
  1841 | D:2      | You fall into a shaft and drop 1 floor!
  1853 | D:3      | Reached XP level 4. HP: 32/36 MP: 7/7
  2345 | D:3      | Offered knowledge of Searing Ray by Vehumet.
  2347 | D:3      | Reached ** piety under Vehumet
  2539 | D:3      | Reached skill level 1 in Fire Magic
  2841 | D:4      | HP: 1/35 [wight/+0 flail (12)]
  2843 | D:4      | Slain by a wight

Illustrated notes

Levels and vault maps discovered:
D:1:      dpeg_arrival_tiny_i, layout_loops_ring,
          shapermc_ecumenical_altar_rom_forum
D:2:      layout_loops_ring, cheibrodos_gnoll_hut, uniq_jessica
D:3:      layout_basic, minmay_quantized
D:4:      layout_basic

Skill      XL: |  1  2  3  4 |
---------------+-------------+-----
Dodging        | 2 |  2.3
Fire Magic     | 1 |  1.0
Transmutations | 3 |  3.0
Fighting       | |  1.8
Unarmed Combat | |  3.3
Spellcasting   | |  2.6
Conjurations   | |  0.9

Action                   |  1- 3 |  4- 6 || total
-------------------------+-------+-------++-------
Melee: Unarmed           |   111 |    91 ||   202
       Tailslap          |    12 |    13 ||    25
       Punch             |     2 |     5 ||     7
       Kick              |    10 |    10 ||    20
       Headbutt          |     6 |    10 ||    16
 Cast: Beastly Appendage |     5 |     6 ||    11
  Use: Scroll            |       |     4 ||     4
       Potion            |       |     4 ||     4
 Stab: Sleeping          |       |     1 ||     1
Armor: Skin              |    38 |    25 ||    63
Dodge: Dodged            |    80 |    48 ||   128
Block: Other             |     5 |    21 ||    26
       Reflection        |       |     1 ||     1
